 Dungeon Crawl Stone Soup version 0.30-a0-122-g2a1322497e (webtiles) character file.

Game seed: 3859920060091360724

28 Newt the Trooper (level 3, 0/28 HPs)
             Began as a Demonspawn Gladiator on Sept 16, 2022.
             Slain by Natasha (2 damage)
             ... on level 2 of the Dungeon.
             The game lasted 00:01:44 (1307 turns).

Newt the Trooper (Demonspawn Gladiator)             Turns: 1307, Time: 00:01:47

Health: 0/28       AC:  5    Str: 16    XL:     3   Next: 0%
Magic:  3/3        EV:  9    Int:  9    God:
Gold:   26         SH:  0    Dex: 14    Spells: 2/2 levels left

rFire   . . .      SeeInvis .    a - +0 rapier
rCold   . . .      Faith    .    (no shield)
rNeg    . . .      Spirit   .    b - +0 leather armour
rPois   .          Reflect  .    (helmet restricted)
rElec   .          Harm     .    h - +0 cloak
rCorr   .          Rampage  .    l - +0 pair of gloves
Will    .....                    (no boots)
Stlth   ++........               (no amulet)
HPRegen 0.09/turn                (no ring)
MPRegen 0.08/turn                (no ring)

@: slowed, constricted, very slow
A: horns 1
a: no special abilities


You were on level 2 of the Dungeon.
You visited 1 branch of the dungeon, and saw 2 of its levels.

You collected 26 gold pieces.

Inventory:

Hand Weapons
 a - a +0 rapier (weapon)
Missiles
 d - 3 throwing nets (quivered)
 e - a javelin
 j - 5 poisoned darts
Armour
 b - a +0 leather armour (worn)
 c - a +0 helmet
 h - a +0 cloak (worn)
 l - a +0 pair of gloves (worn)
Scrolls
 m - a scroll of identify
Potions
 f - 2 potions of berserk rage {unknown}
 g - a potion of magic
 i - 3 potions of curing {unknown}
 k - a potion of degeneration


   Skills:
 + Level 2.7 Fighting
 - Level 2.6 Short Blades
 - Level 1.7 Throwing
 - Level 2.6 Dodging
 - Level 2.0 Stealth


You had 2 spell levels left.
You didn't know any spells.
Your spell library contained the following spells:

 Spells                   Type           Power      Damage    Failure   Level
 Freeze                   Ice            0%         1d3       45%         1
 Frozen Ramparts          Ice            0%         1d1       83%         3
 Hailstorm                Conj/Ice       0%         3d3       99%         4


Dungeon Overview and Level Annotations

Branches:
Dungeon (2/15)

Altars:

Annotations:
D:2 Natasha


Innate Abilities, Weirdness & Mutations

You have a pair of small horns on your head.


Message History

The rat bites you.
You closely miss the rat.
The rat is severely wounded.
The rat closely misses you.
You hit the rat.
You kill the rat!
You have reached level 3!
Your experience leads to an increase in your attributes!
Increase (S)trength, (I)ntelligence, or (D)exterity?
You feel stronger. x2
HP restored.
Natasha, Servant of Life and Death comes into view.
Found a chain mail.
Natasha is nearby!
Natasha is nearby!
A ball python comes into view.
The ball python hisses angrily.
Natasha claws you.
You hit Natasha but do no damage. Natasha claws you!
You are too injured to fight recklessly!
You are too injured to fight recklessly!
You are too injured to fight recklessly!
Unknown command.
You hit Natasha but do no damage.
Natasha stares at you and mumbles some strange words.
The magic dart hits you!
* * * LOW HITPOINT WARNING * * *
As you read the scroll labelled JIXZORH RESUGACK, it crumbles to dust.
It is a scroll of identify.
k - a potion of degeneration Natasha stares at you and mumbles some strange words.
You feel yourself slow down.
It was a potion of magic.
Magic courses through your body. The ball python closely misses you.
The ball python grabs you. The ball python constricts you. Natasha claws you.
* * * LOW HITPOINT WARNING * * *
The ball python misses you. The ball python constricts you.
* * * LOW HITPOINT WARNING * * *
Natasha claws you.
You die...

........#†#
##≈≈≈≈<#.#
####.≈....#.#
.....≈≈≈≈.#.#
.###.......######
.................###
#.###......###.....#
######.###.###.#
#.##.@# # #...Sh#
#.##[.. #.......
#....##.# #.##. ..
#. #. .## . .. #


You could see Natasha and a ball python.

Vanquished Creatures
  A gnoll (D:1)
  4 ball pythons (D:1)
  A giant cockroach (D:1)
  4 hobgoblins (D:1)
  A quokka (D:1)
  A bat (D:1)
  2 frilled lizards (D:1)
  A kobold (D:1)
  4 rats
19 creatures vanquished.

Notes
Turn   | Place    | Note
-------+----------+-------------------------------------------
     0 | D:1      | Newt the Demonspawn Gladiator began the quest for the Orb.
     0 | D:1      | Reached XP level 1. HP: 16/16 MP: 1/1
    80 | D:1      | Reached skill level 1 in Stealth
   384 | D:1      | Gained mutation: You have a pair of small horns on your
                  | head. [demonic ancestry]
   384 | D:1      | Reached XP level 2. HP: 15/22 MP: 2/2
  1200 | D:1      | Found a faded altar of an unknown god.
  1256 | D:2      | Reached XP level 3. HP: 24/28 MP: 3/3
  1300 | D:2      | Noticed Natasha
  1307 | D:2      | Slain by Natasha

Illustrated notes

Levels and vault maps discovered:
D:1:      lightli_arrival_chessboard, layout_loops_cross,
          dilly_ecumenical_altar_fadedgnrine
D:2:      layout_loops_cross, chequers_serial_rivers_micro_d,
          corexii_item_surrounded_by_moat, uniq_natasha, uniq_jessica

Skill      XL: |  1  2 |
---------------+-------+-----
Stealth        | 1 2 |  2.0
Fighting       | |  2.7
Short Blades   | |  2.6
Throwing       | |  1.7
Dodging        | |  2.6

Action                   || total
-------------------------++-------
Melee: Rapier            ||    52
       Headbutt          ||     4
Throw: Throwing net      ||     1
  Use: Scroll            ||     1
       Potion            ||     1
 Stab: Sleeping          ||     5
Armor: Leather armour    ||    15
Dodge: Dodged            ||    31

Table legend: (Time is in decaauts)
 A = Elapsed time spent in this place.
 B = Non-inter-level travel time spent in this place.
 C = Inter-level travel time spent in this place.
 D = Time resting spent in this place.
 E = Time spent auto-exploring this place.
 F = Levels seen in this place.
 G = Mean time per level.
                   A        B        C        D        E       F      G
               +--------+--------+--------+--------+--------+-----+--------+
         Total |   1310 |   1183 |    127 |      0 |   1027 |   2 |  655.0 |
       Dungeon |   1310 |   1183 |    127 |      0 |   1027 |   2 |  655.0 |
               +--------+--------+--------+--------+--------+-----+--------+

Top non-repeatable levels by time:
     D:1: 1240 daAuts
     D:2: 70 daAuts
